 Dungeon Crawl Stone Soup version 0.31-a0-1309-gbf3fed316f (webtiles) character file.

Game seed: 6652241978343324258

3009 Ge0ff the Ruffian (level 9, -3/86 HPs)
             Began as a Troll Monk on Dec 20, 2023.
             Was a Believer of Hepliaklqana.
             Slain by Grum
             ... wielding a +1 glaive
              (19 damage)
             ... on level 8 of the Dungeon.
             The game lasted 00:11:38 (5923 turns).

Ge0ff the Ruffian (Troll Monk)                      Turns: 5923, Time: 00:11:38

Health: -3/86      AC:  5    Str: 23    XL:     9   Next: 54%
Magic:  8/8        EV: 10    Int:  8    God:    Hepliaklqana [**....]
Gold:   312        SH:  0    Dex: 18    Spells: 8/8 levels left

rFire   . .          .
                       - Unarmed
rCold   . . .        c - orb {light}
rNeg    + . .        a - +1 robe
rPois   .            (helmet restricted)
rElec   .            (no cloak)
rCorr   .            (gloves unavailable)
SInv    .            (boots unavailable)
Will    .....        (no amulet)
Stlth   +            u - ring of positive energy
HPRegen 1.14/turn    Q - +6 ring of dexterity
MPRegen 0.11/turn

%: no passive effects
@: glowing
A: reduced essence, large, unfitting armour, claws 3, regeneration 1, shaggy fur
1, tough skin 1
a: Renounce Religion, Recall Ancestor, Ancestor Identity


You were on level 8 of the Dungeon.
You worshipped Hepliaklqana.
Hepliaklqana was pleased with you.
You visited 2 branches of the dungeon, and saw 11 of its levels.
You also visited: Ossuary.

You collected 312 gold pieces.

Inventory:

Hand Weapons
 J - a +1 vampiric short sword
 S - a +2 rapier of speed
Missiles
 g - 2 throwing nets {=F}
 G - 57 stones (quivered)
 K - 2 javelins
 L - 3 atropa-tipped darts
 Z - 8 boomerangs
Armour
 a - a +1 robe (worn)
 c - an orb of light (worn)
 R - a +0 kite shield
Jewellery
 u - a ring of positive energy (left claw)
 O - a ring of fire
 Q - a +6 ring of dexterity (right claw)
Wands
 j - a wand of acid (7)
 r - a wand of roots (4)
Scrolls
 m - 4 scrolls of revelation
 x - 4 scrolls of enchant armour
 E - a scroll of fear
 F - 2 scrolls of blinking {unknown}
 I - a scroll of noise {unknown}
 M - a scroll of amnesia {unknown}
 T - a scroll of teleportation
 V - a scroll of brand weapon {unknown}
 Y - 2 scrolls of fog {unknown}
Potions
 o - a potion of ambrosia
 q - a potion of mutation {unknown}
 t - a potion of enlightenment {unknown}
 v - 7 potions of curing {unknown}
 z - a potion of brilliance
 A - 2 potions of attraction
 H - a potion of invisibility {unknown}
 N - 2 potions of resistance {unknown}
 P - 3 potions of lignification {unknown}
 U - 3 potions of berserk rage {unknown}
 W - 2 potions of heal wounds {!q}
 X - 5 potions of haste {unknown}


   Skills:
 - Level 7.8 Fighting
 - Level 2.4 Dodging
 + Level 6.0 Shields
 - Level 7.8 Unarmed Combat
 + Level 1.3 Evocations


You had 8 spell levels left.
You didn't know any spells.
Your spell library contained the following spells:

 Spells                   Type           Power      Damage    Failure   Level
 Summon Small Mammal      Summ           0%         N/A       41%         1
 Call Canine Familiar     Summ           0%         N/A       78%         3
 Dazzling Flash           Conj/Hex       0%         N/A       78%         3
 Summon Guardian Golem    Hex/Summ       0%         N/A       78%         3
 Tukima's Dance           Hex            0%         N/A       78%         3
 Passage of Golubria      Tloc           0%         N/A       99%         4
 Summon Ice Beast         Ice/Summ       0%         N/A       99%         4
 Agony                    Necr           0%         N/A       100%        5
 Silence                  Hex/Air        0%         N/A       100%        5
 Summon Mana Viper        Hex/Summ       0%         N/A       100%        5
 Yara's Violent Unravell  Hex/Tmut       0%         3d3       100%        5
 Monstrous Menagerie      Summ           0%         N/A       100%        7


Dungeon Overview and Level Annotations

Branches:
Dungeon (10/15) Zot: 26817  Temple (1/1) D:6 Zot: 5965 Ossuary (visited)
   Lair: D:8-11         Orc: D:9-12

Altars:
Ashenzari
Cheibriados
Dithmenos
Elyvilon
Fedhas
Hepliaklqana
Kikubaaqudgha
Makhleb
Okawaru
Qazlal
Ru
Sif Muna
Uskayaw
Vehumet
Wu Jian
Yredelemnul
Zin

Annotations:
D:8 Grum


Innate Abilities, Weirdness & Mutations

Your life essence is reduced to manifest your ancestor. (-10% HP)
You are too large for most types of armour.
You have claws for hands.
Your natural rate of healing is unusually fast.
You are covered in fur. (AC +1)
You have tough skin. (AC +1)


Message History

The orc warrior is almost dead.
The orc warrior hits you with a +0 war axe!
You barely miss the orc warrior.
The orc warrior is almost dead.
The orc wizard hits you but does no damage.
The orc warrior zaps a wand.
Your mind is blasted!
You scratch the orc warrior but do no damage.
The orc warrior is almost dead.
Mega Troll 5000 gestures at the orc warrior while chanting.
The stone arrow hits the orc warrior!
The orc warrior dies!
The orc wizard hits you but does no damage.
Your Evocations skill increases to level 1!
You claw the orc wizard!
You kill the orc wizard!
Mega Troll 5000 closely misses the orc.
The orc hits you with a +0 flail!
You scratch the orc.
The orc is severely wounded.
Mega Troll 5000 casts a spell at the orc.
The puff of frost hits the orc!
The orc dies!
You scratch the orc.
The orc is heavily wounded.
The orc hits you but does no damage.
Mega Troll 5000 hits the wolf with a +0 quarterstaff!
You barely miss the wolf.
The wolf is heavily wounded.
The wolf misses you. The orc hits you but does no damage.
Mega Troll 5000 hits the wolf with a +0 quarterstaff!
The wolf bites you.
You claw the wolf!
You kill the wolf!
The orc hits you with a +0 club.
Mega Troll 5000 casts a spell at the orc.
The puff of frost hits the wolf.
Your Shields skill increases to level 6!
You barely miss the wolf.
The wolf is lightly wounded.
The wolf closely misses you. The orc hits you with a +0 club.
The wolf bites you!
Mega Troll 5000 closely misses the wolf.
You scratch the wolf.
The wolf is moderately wounded.
The wolf bites you!
* * * LOW HITPOINT WARNING * * *
The orc hits you with a +0 club.
* * * LOW HITPOINT WARNING * * *
Grum hits you from afar with a +1 glaive!!
You die...

,..##........######*,,,* *,
##.##..####.......##,,,* **
#..#........††....##,,,* *,
#..#.######.......##,,,* *,
#......####†......##,,,* *,
#....#.####.......##,,,* *,
....##.####...()..##,*** *,
###......##....$..##,* *,
,,##.....##.>..R@.##,* *,
****.....##[....ho##,* *,
*.....##......g##,***********,
*.....##.........,*,,,,,,,,,>,
*,....##.........,,,,,*******,
*,....##..........,,,,* *,
*,....####.........,,,* *,
**########..........,,* *,
*,,,,,,,,***********,


You could see the friendly Mega Troll 5000 the battlemage, Grum, a wolf and an
orc (ally target).

Vanquished Creatures
  A wraith (D:10)
  Edmund (D:4)
  Duvessa (D:4)
  An ice beast (D:6)
  3 wolves (D:8)
  2 ogres (D:5)
  3 elf zombies (Ossuary)
  A bullfrog (D:8)
  A gnoll sergeant (D:5)
  A scorpion (D:6)
  Dowan (D:4)
  4 killer bees (D:8)
  2 howler monkeys
  A centaur zombie (Ossuary)
  4 hounds
  2 orc priests
  A gnoll bouda (D:5)
  4 human zombies (Ossuary)
  Terence (D:3)
  An iguana (D:4)
  Natasha (thrice) (D:2)
  3 orc wizards
  11 gnolls (D:5)
  13 adders
  A shadow imp (D:6)
  A white imp (D:5)
  2 worms (D:2)
  6 dart slugs
  12 orcs
  10 ball pythons
  4 endoplasms
  3 giant cockroaches
  3 goblins
  9 hobgoblins
  3 jackals (D:1)
  7 quokkas
  7 bats
  3 frilled lizards
  A goblin zombie (Ossuary)
  5 hobgoblin zombies (Ossuary)
  8 kobolds
  4 kobold zombies (Ossuary)
  4 orc zombies (Ossuary)
  3 rats
162 creatures vanquished.

Vanquished Creatures (collateral kills)
  An orc warrior (D:8)
  A bullfrog (D:8)
  An elf zombie (Ossuary)
  5 killer bees (D:8)
  A howler monkey (D:9)
  2 mummies (Ossuary)
  2 orcs
  A goblin zombie (Ossuary)
  5 hobgoblin zombies (Ossuary)
  3 kobold zombies (Ossuary)
  4 orc zombies (Ossuary)
26 creatures vanquished.

Vanquished Creatures (others)
  A battlemage (D:8)
1 creature vanquished.

Grand Total: 189 creatures vanquished

Notes
Turn   | Place    | Note
-------+----------+-------------------------------------------
     0 | D:1      | Ge0ff the Troll Monk began the quest for the Orb.
     0 | D:1      | Reached XP level 1. HP: 22/22 MP: 0/0
   134 | D:1      | Reached XP level 2. HP: 29/29 MP: 1/1
   406 | D:1      | Reached XP level 3. HP: 35/36 MP: 2/2
   906 | D:2      | Reached XP level 4. HP: 44/44 MP: 3/3
   972 | D:2      | Reached skill level 5 in Unarmed Combat
  1204 | D:2      | Noticed Natasha
  1211 | D:2      | Killed Natasha
  1218 | D:2      | Found a radiant altar of Vehumet.
  1609 | D:2      | Noticed Natasha
  1615 | D:2      | Killed Natasha
  1616 | D:2      | Reached XP level 5. HP: 47/53 MP: 4/4
  1863 | D:2      | Noticed Natasha
  1869 | D:2      | Killed Natasha
  1904 | D:2      | Found a radiant altar of Vehumet.
  2435 | D:3      | Found a sacrificial altar of Ru.
  2683 | D:3      | Found a stormy altar of Qazlal.
  2991 | D:3      | Noticed Terence
  3003 | D:3      | Killed Terence
  3259 | D:4      | Found a shimmering blue altar of Sif Muna.
  3272 | D:4      | Noticed Edmund
  3283 | D:4      | Killed Edmund
  3284 | D:4      | Reached XP level 6. HP: 36/62 MP: 5/5
  3349 | D:4      | Found a blossoming altar of Fedhas.
  3412 | D:4      | Identified the +4 scale mail "Kiyzoebb" {rF+}
  3485 | D:4      | Found a white marble altar of Elyvilon.
  3642 | D:4      | Noticed Duvessa
  3642 | D:4      | Noticed Dowan
  3659 | D:4      | Killed Duvessa
  3660 | D:4      | Reached XP level 7. HP: 54/71 MP: 6/6
  3675 | D:4      | Killed Dowan
  3805 | D:4      | Found an ornate altar of the Wu Jian Council.
  4141 | D:5      | Entered Level 5 of the Dungeon
  4279 | D:5      | Reached skill level 5 in Fighting
  4360 | D:5      | Found a hide-covered altar of Uskayaw.
  4579 | D:5      | Reached XP level 8. HP: 62/81 MP: 7/7
  4976 | D:6      | Found a staircase to the Ecumenical Temple.
  4982 | Temple   | Entered the Ecumenical Temple
  4999 | Temple   | Became a worshipper of Hepliaklqana the Forgotten
  4999 | Temple   | Reached * piety under Hepliaklqana
  4999 | Temple   | Reached ** piety under Hepliaklqana
  5000 | Temple   | Remembered your ancestor Mega Troll 5000 as a battlemage
  5424 | D:7      | You fall into a shaft and drop 3 floors!
  5424 | D:10     | Entered Level 10 of the Dungeon
  5475 | D:10     | Reached skill level 1 in Shields
  5531 | D:8      | Noticed Grum
  5626 | D:8      | Reached XP level 9. HP: 82/83 MP: 8/8
  5645 | D:8      | Found a sand-covered staircase.
  5650 | Ossuary  | Entered an ossuary
  5749 | Ossuary  | Reached skill level 5 in Shields
  5917 | D:8      | Reached skill level 1 in Evocations
  5923 | D:8      | Slain by Grum

Illustrated notes

Levels and vault maps discovered:
D:1:      minmay_arrival_pointy, layout_loops_ring, serial_forest,
          infiniplex_forest_lined_corner, infiniplex_forest_clump_C,
          infiniplex_forest_clump_curved, infiniplex_forest_clump_small,
          infiniplex_forest_end_2, infiniplex_forest_straight_2
D:2:      layout_rooms, basic_altar, serial_co_window_serial,
          co_window_of_opportunity_a, co_window_paths_a, co_window_paths_b,
          co_window_paths_b, co_window_paths_a, co_window_of_opportunity_c,
          co_window_of_opportunity_c, co_window_paths_c, co_window_corner_b,
          co_window_paths_e, co_window_paths_d, glass_columns_a,
          glass_columns_c, glass_columns_c, glass_columns_a, glass_columns_b,
          uniq_natasha
D:3:      layout_loops_cross, mainiacjoe_overflow_tiny_flanked,
          lemuel_tele_altar, kennysheep_small_spiral, minmay_misc_feat_five,
          skrybe_limestone_x, minmay_cut_off, uniq_terence
D:4:      layout_loops_cross, mainiacjoe_overflow_24_doors,
          nzn_wu_jian_council_hall, kennysheep_mini,
          mainiacjoe_overflow_small_starburst,
          hangedman_abyss_or_decor_lesser_grid, hangedman_abyss_or_decor_passed,
          uniq_duvessa, uniq_edmund
D:5:      layout_basic, kennysheep_little_box, minivault_4
D:6:      layout_basic, minmay_temple_entry_hall
D:7:      layout_cave_pools, gammafunk_ghost_grave, uniq_crazy_yiuf_cottage,
          uniq_jeremiah
D:8:      layout_basic, enter_ossuary_2, enter_bailey_8, uniq_grum
D:9:      layout_grid_maze, mainiacjoe_overflow_cross_hatched
D:10:     layout_basic, amethyst_overflow_temple_binary, amcnicky_altar_gilded,
          trog_three_pillars_becter, nicolae_gozag_zags_fifth_avenue,
          uniq_josephine
Temple:   jpeg_temple_island

Skill      XL: |  1  2  3  4  5  6  7  8  9 |
---------------+----------------------------+-----
Unarmed Combat | 4 5 6 7 |  7.8
Fighting       | 3 4 5 7 |  7.8
Shields        | 3 6 |  6.0
Evocations     | 1 |  1.3
Dodging        | |  2.4

Action                     |  1- 3 |  4- 6 |  7- 9 || total
---------------------------+-------+-------+-------++-------
  Melee: Unarmed           |    59 |   130 |   177 ||   366
  Throw: Stone             |       |       |     2 ||     2
 Invoke: Recall Ancestor   |       |       |     3 ||     3
         Ancestor Life: Ba |       |       |     1 ||     1
         Ancestor Identity |       |       |     1 ||     1
  Evoke: Wand              |       |       |     3 ||     3
    Use: Scroll            |       |     6 |     3 ||     9
   Stab: Distracted        |       |       |     2 ||     2
 Armour: Robe              |    35 |    76 |   110 ||   221
  Dodge: Dodged            |    30 |    46 |    57 ||   133

Table legend: (Time is in decaauts)
 A = Elapsed time spent in this place.
 B = Non-inter-level travel time spent in this place.
 C = Inter-level travel time spent in this place.
 D = Time resting spent in this place.
 E = Time spent auto-exploring this place.
 F = Levels seen in this place.
 G = Mean time per level.
                   A        B        C        D        E       F      G
               +--------+--------+--------+--------+--------+-----+--------+
         Total |   5877 |   5569 |    308 |     50 |   4129 |  12 |  489.8 |
       Dungeon |   5645 |   5353 |    292 |     50 |   4129 |  10 |  564.5 |
        Temple |     34 |     18 |     16 |      0 |      0 |   1 |   34.0 |
       Ossuary |    197 |    197 |      0 |      0 |      0 |   1 |  197.0 |
               +--------+--------+--------+--------+--------+-----+--------+

Top non-repeatable levels by time:
     D:2: 1693 daAuts
     D:4: 874 daAuts
     D:3: 796 daAuts
     D:1: 773 daAuts
     D:5: 621 daAuts
     D:6: 546 daAuts
 Ossuary: 197 daAuts
     D:8: 182 daAuts
    D:10: 64 daAuts
     D:7: 51 daAuts
     D:9: 41 daAuts
  Temple: 34 daAuts
